 Dungeon Crawl Stone Soup version 0.32-a0-913-g739538afd8 (webtiles) character file.

Game seed: 7983582913218001292

3771 kae the Mimic (level 9, -7/72 HPs)
             Began as a Demonspawn Shapeshifter on Apr 8, 2024.
             Was a Follower of Ru.
             Mangled by a troll (9 damage)
             ... on level 10 of the Dungeon.
             The game lasted 00:06:56 (8561 turns).

kae the Mimic (Demonspawn Shapeshifter)             Turns: 8561, Time: 00:06:57

Health: -7/72      AC:  7    Str: 15    XL:     9   Next: 94%
Magic:  9/9        EV: 15    Int: 14    God:    Ru [*.....]
Gold:   413        SH:  0    Dex: 17    Spells: 8/8 levels left

rFire   . .          .
                       - Unarmed
rCold   . . .        (shield currently unavailable)
rNeg    . . .        a - melded +2 animal skin
rPois   +            (helmet restricted)
rElec   .            (no cloak)
rCorr   .            (no gloves)
SInv    .            n - +2 pair of boots
Will    .....        (no amulet)
Stlth   +            O - +4 ring of protection
HPRegen 0.32/turn    P - ring of poison resistance
MPRegen 0.11/turn

%: no passive effects
@: flux-form, glowing
A: glow, contaminating, horns 1, ignite blood 1, powered by pain 1, hated by
all, big brain 2
a: Begin Untransformation, Renounce Religion


You were on level 10 of the Dungeon.
You worshipped Ru.
Ru was aware of your devotion.
You were something dangerously unstable.
You visited 2 branches of the dungeon, and saw 11 of its levels.

You collected 413 gold pieces.


Innate Abilities, Weirdness & Mutations

You are something dangerously unstable.
You glow with magical radiation, making you easy to see and hit.
Foes you strike become dangerously contaminated with magical radiation.
You are incapable of wielding weapons or throwing items.
You have a pair of small horns on your head.
Your demonic aura sometimes causes spilled blood to erupt in flames.
You sometimes gain a little power by taking damage.
You are hated by all.
You have an extremely huge brain. (Int +4)


   Skills:
 + Level 7.1 Fighting
 - Level 1.7 Dodging
 + Level 7.1 Unarmed Combat
 * Level 9.0 Shapeshifting


You had 8 spell levels left.
You didn't know any spells.
Your spell library contained the following spells:

 Spells                   Type           Power      Damage    Failure   Level
 Sigil of Binding         Hex            0%         N/A       65%         3
 Dimensional Bullseye     Hex/Tloc       0%         N/A       96%         4
 Call Canine Familiar     Summ           Unusable   N/A       N/A         3

Inventory:

Missiles
 g - 11 poisoned darts (quivered)
 j - 48 stones
 q - a throwing net {=f!f}
 s - 9 boomerangs
Armour
 a - a +2 animal skin (melded)
 n - a +2 pair of boots (worn)
   (You found it on level 2 of the Dungeon)
Magical Staves
 t - a staff of alchemy {!a}
   (You found it on level 6 of the Dungeon)
Jewellery
 B - the ring of Quosytuz {rElec MP+9 Int+4}
   (You found it on level 9 of the Dungeon)

   [ring of magical power]

   Int+4:     It affects your intelligence (+4).
   rElec:     It insulates you from electricity.
   MP+9:      It affects your magic capacity (+9).
 O - a +4 ring of protection (left hand)
   (You found it on level 4 of the Dungeon)
 P - a ring of poison resistance (right hand)
   (You found it on level 5 of the Dungeon)
Talismans
 c - a beast talisman
 d - a flux talisman (active)
Wands
 y - a wand of mindburst (18)
   (You found it on level 8 of the Dungeon)
 z - a wand of acid (12)
   (You found it on level 8 of the Dungeon)
 A - a wand of paralysis (3)
   (You found it on level 10 of the Dungeon)
Scrolls
 b - 2 scrolls of brand weapon
 e - 5 scrolls of identify {@r1}
 i - 2 scrolls of teleportation {@r4}
 m - 3 scrolls of noise {!r}
 o - a scroll of fear
 p - a scroll of silence {!r}
 r - a scroll of poison {!r}
 u - 2 scrolls of enchant armour
 w - a scroll of fog
 x - 4 scrolls of vulnerability {!r!r}
 C - a scroll of enchant weapon
Potions
 f - a potion of degeneration {!q}
 h - 8 potions of curing {@q1}
 k - a potion of resistance
 l - a potion of brilliance
 v - a potion of lignification {!q}
 D - a potion of might

Dungeon Overview and Level Annotations

Branches:
Dungeon (10/15) Zot: 26806  Temple (1/1) D:4 Zot: 5982
   Lair: D:8-11         Orc: D:9-12

Altars:
Ashenzari
Cheibriados
Dithmenos
Gozag
Kikubaaqudgha
Makhleb
Nemelex Xobeh
Okawaru
Qazlal
Ru
Sif Muna
Trog
Uskayaw
Vehumet
Wu Jian
Xom

Shops:
D:2 [   D:4 :   D:7 =

Portals:
Bailey: D:10

Annotations:
D:10 2 transporters, Picsou's ghost, journeyman MiFi

### ##.. ########### #..#
#......)..#############.#.
.....##.###.................
.###.##..##p#############...
...../....#T# #)..
..~~~≈~~~.#g# #..#
#.~#####~..)# ##..# #.
#~g### #...# #.∩..g.# #<..#
#...#~$# ##...# ### #~.#
#..... ~~.# #.##..


You could see a troll (contam, misshapen, corroded) and a goblin.


Message History

The kobold hits you with a +0 short sword.
The goblin barely misses you.
The kobold brigand hits you with a +0 dagger.
The goblin hits you from afar with a +0 spear.
* * * LOW HITPOINT WARNING * * *
The goblin hits you with a +0 spear.
* * * LOW HITPOINT WARNING * * *
The kobold is stunned by your conviction and fails to attack.
The kobold brigand barely misses you. 😨 HP[-7]
You take 7 damage, and now have 33/72 hp.
Unknown command.
The goblin attacks as it pursues you!
The goblin hits you from afar with a +0 spear.
* * * LOW HITPOINT WARNING * * *
The goblin closely misses you.
The kobold brigand hits you with a +0 dagger.
* * * LOW HITPOINT WARNING * * *
😨 HP[-4]
You take 4 damage, and now have 29/72 hp.
Unknown command.
You closely miss the kobold.
The goblin misses you. 😨 HP[+1] Unknown command.
Things that are here:
a +0 spear; a goblin corpse You barely miss the kobold.
You headbutt the kobold. The kobold misses you.
You feel better. The kobold barely misses you. 😨 HP[+6]
You regained 6 hp, and now have 36/72 hp.
You hit the kobold.
You kill the kobold!
You hit the kobold brigand.
The kobold brigand glows dangerously bright.
The kobold brigand hits you with a +0 dagger.
* * * LOW HITPOINT WARNING * * *
The goblin closely misses you. 😨 HP[-1]
You take 1 damage, and now have 35/72 hp.
You hit the kobold brigand.
The kobold brigand shudders as magic cascades through it!!
You kill the kobold brigand! 😨 HP[+1]
Aiming: Corrosive Bolt
Press: ? - help, Shift-Dir - straight line, f - troll
Aim: a troll (71% to hit)
The bolt of acid hits the troll!
The acid corrodes the troll!
The bolt of acid hits the goblin!
You kill the goblin!
You hit the troll.
The troll begins to glow.
You headbutt the troll.
You redirect the troll's attack!
The troll bites the goblin!
The goblin dies! 😮 HP[+1]
You barely miss the troll.
The troll shouts!
The troll barely misses you. The troll claws you!
* * * LOW HITPOINT WARNING * * *
The troll claws you.
* * * LOW HITPOINT WARNING * * *
The goblin hits you from afar with a +0 spear.
* * * LOW HITPOINT WARNING * * *
😨 HP[-14]
You take 14 damage, and now have 23/72 hp.
You hit the troll.
The troll glows dangerously bright.
The troll bites you!
* * * LOW HITPOINT WARNING * * *
The troll claws you!
* * * LOW HITPOINT WARNING * * *
The troll barely misses you.
The goblin hits you but does no damage. 😱 HP[-18]
You take 18 damage, and now have 5/72 hp.
MASSIVE DAMAGE!! (PAUSE)
You hit the troll.
The troll shudders as magic cascades through it!
The troll twists and deforms.
You headbutt the troll. The goblin closely misses you.
The troll completely misses you. The troll misses you. The troll claws you.
* * * LOW HITPOINT WARNING * * *
😱 HP[-1]
You take 1 damage, and now have 4/72 hp.
You feel better. The goblin closely misses you. The troll bites you.
* * * LOW HITPOINT WARNING * * *
The troll claws you.
* * * LOW HITPOINT WARNING * * *
The troll barely misses you. 😱 HP[+7]
You regained 7 hp, and now have 11/72 hp.
You barely miss the troll. You headbutt the troll.
The goblin closely misses you. The troll barely misses you.
The troll completely misses you. The troll claws you.
* * * LOW HITPOINT WARNING * * *
😱 HP[-2]
You take 2 damage, and now have 9/72 hp.
Unknown command.
You hit the troll.
The troll begins to glow.
You headbutt the troll. The goblin closely misses you. The troll bites you!
* * * LOW HITPOINT WARNING * * *
The troll closely misses you. The troll claws you!
You die...
Ru respects your ultimate sacrifice.

Skill      XL: |  1  2  3  4  5  6  7  8  9 |
---------------+----------------------------+-----
Shapeshifting  | 3 4 5 6 7 9 |  9.0
Unarmed Combat | 3 4 5 6 7 |  7.1
Fighting       | 2 3 4 5 7 |  7.1
Dodging        | |  1.7

Action                     |  1- 3 |  4- 6 |  7- 9 || total
---------------------------+-------+-------+-------++-------
  Melee: Unarmed           |   105 |   167 |   261 ||   533
         Punch             |     1 |       |       ||     1
         Headbutt          |       |       |    68 ||    68
 Invoke: Sacrifice Love    |       |       |     1 ||     1
  Evoke: Wand              |       |       |     1 ||     1
    Use: Scroll            |     4 |    11 |     5 ||    20
         Potion            |       |     2 |     2 ||     4
   Stab: Held in net/web   |       |       |     1 ||     1
 Armour: Animal skin       |    64 |       |       ||    64
         Skin              |       |    78 |   165 ||   243
  Dodge: Dodged            |    57 |   146 |   193 ||   396
   Form: Flux              |       |     1 |       ||     1

Levels and vault maps discovered:
D:1:      psy_arrival_radial02, layout_loops_ring
D:2:      layout_basic, serial_shops, shop, basic_altar, minivault_23
D:3:      layout_basic, grunt_temple_overflow_gold_and_silver,
          dreamdust_princess_corridor, uniq_grinder
D:4:      layout_loops_corners, mainiacjoe_overflow_six_doors_small,
          mainiacjoe_overflow_boulevard, bloody_makhleb,
          minmay_temple_entry_large_hall, nicolae_shop_self_help, uniq_menkaure
D:5:      layout_basic, elyvilon_altar_3
D:6:      layout_cave_pools, mainiacjoe_overflow_alcove_1, roderic_roman_lattice
D:7:      layout_basic, mainiacjoe_overflow_cross_hatched, serial_shops,
          nicolae_shop_gaudy_bauble
D:8:      layout_basic, slow_altar_1
D:9:      layout_layer_cave, serial_glass, glass_columns_c, glass_columns_b
D:10:     layout_rooms, orc_0_dummy, gammafunk_ghost_wrathful_warriors,
          enter_bailey_3
Temple:   nicolae_temple_bog_church

Notes
Turn   | Place    | Note
-------+----------+-------------------------------------------
     0 | D:1      | kae the Demonspawn Shapeshifter began the quest for the
                  | Orb.
     0 | D:1      | Reached XP level 1. HP: 15/15 MP: 1/1
     0 | D:1      | magus.rc [v1.11.3]
   224 | D:1      | Gained mutation: Your demonic aura sometimes causes spilled
                  | blood to erupt in flames. [demonic ancestry]
   224 | D:1      | Reached XP level 2. HP: 12/21 MP: 2/2
   320 | D:1      | Reached skill level 3 in Shapeshifting
   487 | D:1      | You pick up a book of the Hunter and begin reading...
   487 | D:1      | You add the spells Sigil of Binding, Call Canine Familiar
                  | and Dimensional Bullseye to your library.
   511 | D:1      | Reached skill level 3 in Unarmed Combat
   603 | D:1      | Reached XP level 3. HP: 25/26 MP: 3/3
  1003 | D:2      | Reached skill level 2 in Fighting
  1026 | D:2      | Found Fuxisadgh's Antique Armour Shop.
  1027 | D:2      | Found a sparkling altar of Nemelex Xobeh.
  1358 | D:2      | Gained mutation: You have an unusually large brain. (Int
                  | +2) [demonic ancestry]
  1358 | D:2      | Reached XP level 4. HP: 32/33 MP: 4/4
  1884 | D:3      | HP: 4/22 [ufetubus (4)]
  2013 | D:3      | Found an opulent altar of Gozag.
  2093 | D:3      | Noticed Grinder
  2354 | D:4      | Reached skill level 4 in Shapeshifting
  2354 | D:4      | Reached XP level 5. HP: 27/39 MP: 5/5
  2356 | D:4      | Found a staircase to the Ecumenical Temple.
  2369 | Temple   | Entered the Ecumenical Temple
  2377 | Temple   | Became a worshipper of Ru the Awakened
  2477 | D:4      | Noticed a black bear
  2490 | D:4      | Killed a black bear
  2576 | D:4      | Noticed an ogre
  2582 | D:4      | Killed an ogre
  2583 | D:4      | Reached skill level 3 in Fighting
  2583 | D:4      | Gained mutation: You have an extremely huge brain. (Int +4)
                  | [demonic ancestry]
  2583 | D:4      | Reached XP level 6. HP: 18/47 MP: 6/6
  2655 | D:4      | Found a shimmering blue altar of Sif Muna.
  2665 | D:4      | Found a burning altar of Makhleb.
  2683 | D:4      | Found Loplaklo's Self-Improvement Boutique.
  2933 | D:4      | Reached skill level 4 in Unarmed Combat
  3024 | D:4      | Noticed Menkaure
  3035 | D:4      | HP: 3/36 [Menkaure (22)]
  3036 | D:4      | Killed Menkaure
  3037 | D:4      | Reached skill level 5 in Shapeshifting
  3913 | D:3      | Killed Grinder
  3914 | D:3      | Reached skill level 4 in Fighting
  3914 | D:3      | Gained mutation: You have a pair of small horns on your
                  | head. [demonic ancestry]
  3914 | D:3      | Reached XP level 7. HP: 30/54 MP: 7/7
  3978 | D:5      | Entered Level 5 of the Dungeon
  4463 | D:5      | Reached skill level 6 in Shapeshifting
  4534 | D:5      | Reached skill level 5 in Unarmed Combat
  4534 | D:5      | Gained mutation: You sometimes gain a little power by
                  | taking damage. [demonic ancestry]
  4534 | D:5      | Reached XP level 8. HP: 49/61 MP: 8/8
  4762 | D:6      | Reached skill level 5 in Fighting
  5098 | D:6      | Found a hazy altar of Hepliaklqana.
  5634 | D:7      | Reached skill level 7 in Shapeshifting
  5685 | D:7      | Found Siuth's Jewellery Boutique.
  6080 | D:7      | Found a stormy altar of Qazlal.
  6140 | D:7      | Gained mutation: You are hated by all. [Ru sacrifice]
  6140 | D:7      | Reached * piety under Ru
  6233 | D:7      | Reached skill level 6 in Unarmed Combat
  6233 | D:7      | Reached XP level 9. HP: 61/69 MP: 9/9
  6365 | D:8      | Identified the beast talisman "Qicysk" {rElec rF+ rN+ Dex+2
                  | Slay-2}
  6374 | D:8      | Found a snail-covered altar of Cheibriados.
  6542 | D:8      | Reached skill level 6 in Fighting
  6818 | D:8      | Reached skill level 8 in Shapeshifting
  6819 | D:8      | Noticed a troll
  6824 | D:8      | Killed a troll
  7412 | D:9      | Identified the ring of Quosytuz {rElec MP+9 Int+4}
  8371 | D:10     | Entered Level 10 of the Dungeon
  8371 | D:10     | Found a transporter.
  8373 | D:10     | Found a bloodstained altar of Trog.
  8384 | D:10     | Noticed a tengu warrior
  8384 | D:10     | Noticed a two-headed ogre
  8385 | D:10     | Noticed Picsou's ghost (journeyman MiFi)
  8385 | D:10     | Noticed a moth of wrath
  8385 | D:10     | Noticed a two-headed ogre
  8393 | D:10     | Reached skill level 7 in Fighting
  8393 | D:10     | Reached skill level 7 in Unarmed Combat
  8425 | D:10     | Noticed a troll
  8474 | D:10     | Found a transporter.
  8531 | D:10     | Reached skill level 9 in Shapeshifting
  8538 | D:10     | Found a flagged portal.
  8539 | D:10     | Noticed a troll
  8557 | D:10     | HP: 15/72 [troll (8)]
  8557 | D:10     | HP: 5/72 [troll (10)]
  8561 | D:10     | HP: 2/72 [troll (7)]
  8561 | D:10     | Mangled by a troll

Vanquished Creatures
  A troll (D:8)
  Grinder (D:3)
  2 wraiths
  3 wyverns
  2 steam dragons
  Menkaure (D:4)
  3 water moccasins
  3 black bears
  An ogre (D:4)
  2 centaurs (D:9)
  2 kobold brigands
  5 bullfrogs
  2 scorpions (D:5)
  3 wights (D:9)
  2 howler monkeys
  A bombardier beetle (D:5)
  A hound (D:5)
  A jelly (D:4)
  An orc priest (D:6)
  2 sleepcaps
  4 orc wizards
  4 iguanas
  11 adders
  A shadow imp (D:8)
  3 white imps
  4 ufetubi
  3 ribbon worms
  A dart slug (D:2)
  6 orcs
  6 ball pythons
  7 endoplasms
  4 giant cockroaches
  9 goblins
  11 hobgoblins
  14 kobolds
  5 quokkas
  9 bats
  5 frilled lizards
  3 rats
149 creatures vanquished.

Vanquished Creatures (others)
  A goblin (D:10)
1 creature vanquished.

Grand Total: 150 creatures vanquished

Table legend:
 A = Non-vault XP
 B = Vault XP
 C = Vault XP percentage of total XP
 D = Non-vault monster count
 E = Vault monster count
 F = Vault count percentage of total count
                 A         B        C        D         E       F
            +---------+---------+-------+---------+---------+-------
      Total |    4936 |     452 |   8.4 |     144 |       5 |   3.4
            +---------+---------+-------+---------+---------+-------
        D:1 |      44 |       0 |   0.0 |      26 |       0 |   0.0
        D:2 |      81 |       0 |   0.0 |      19 |       0 |   0.0
        D:3 |      78 |     272 |  77.7 |      16 |       1 |   5.9
        D:4 |     351 |     172 |  32.9 |      17 |       1 |   5.6
        D:5 |     476 |       0 |   0.0 |      10 |       0 |   0.0
        D:6 |     616 |       0 |   0.0 |      16 |       0 |   0.0
        D:7 |     842 |       0 |   0.0 |      18 |       0 |   0.0
        D:8 |     935 |       4 |   0.4 |       8 |       1 |  11.1
        D:9 |     950 |       0 |   0.0 |       8 |       0 |   0.0
       D:10 |     563 |       4 |   0.7 |       6 |       2 |  25.0
            +---------+---------+-------+---------+---------+-------

Skill      XL: |  1  2  3  4  5  6  7  8  9 |
---------------+----------------------------+-----
Shapeshifting  | 3 4 5 6 7 9 |  9.0
Unarmed Combat | 3 4 5 6 7 |  7.1
Fighting       | 2 3 4 5 7 |  7.1
Dodging        | |  1.7

Action                     |  1- 3 |  4- 6 |  7- 9 || total
---------------------------+-------+-------+-------++-------
  Melee: Unarmed           |   105 |   167 |   261 ||   533
         Punch             |     1 |       |       ||     1
         Headbutt          |       |       |    68 ||    68
 Invoke: Sacrifice Love    |       |       |     1 ||     1
  Evoke: Wand              |       |       |     1 ||     1
    Use: Scroll            |     4 |    11 |     5 ||    20
         Potion            |       |     2 |     2 ||     4
   Stab: Held in net/web   |       |       |     1 ||     1
 Armour: Animal skin       |    64 |       |       ||    64
         Skin              |       |    78 |   165 ||   243
  Dodge: Dodged            |    57 |   146 |   193 ||   396
   Form: Flux              |       |     1 |       ||     1

Illustrated notes

Table legend:
 A = Kills in this place as a percentage of kills in the entire game.
 B = Kills by you in this place as a percentage of kills by you in the entire game.
 C = Kills by friends in this place as a percentage of kills by friends in the entire game.
 D = Other kills in this place as a percentage of other kills in the entire game.
 E = Experience gained in this place as a percentage of experience gained in the entire game.
 F = Experience gained in this place divided by the number of levels of this place that you have seen.
                   A       B       C       D       E      F
               +-------+-------+-------+-------+-------+----------------------
         Total | 100.0 | 100.0 |   N/A |   N/A | 100.0 | 489.8
       Dungeon | 100.0 | 100.0 |   N/A |   N/A | 100.0 | 538.8
               +-------+-------+-------+-------+-------+----------------------

Table legend: (Time is in decaauts)
 A = Elapsed time spent in this place.
 B = Non-inter-level travel time spent in this place.
 C = Inter-level travel time spent in this place.
 D = Time resting spent in this place.
 E = Time spent auto-exploring this place.
 F = Levels seen in this place.
 G = Mean time per level.
                   A        B        C        D        E       F      G
               +--------+--------+--------+--------+--------+-----+--------+
         Total |   8524 |   8240 |    284 |    558 |   6545 |  11 |  774.9 |
       Dungeon |   8507 |   8231 |    276 |    558 |   6545 |  10 |  850.7 |
        Temple |     17 |      9 |      8 |      0 |      0 |   1 |   17.0 |
               +--------+--------+--------+--------+--------+-----+--------+

Top non-repeatable levels by time:
     D:4: 1293 daAuts
     D:9: 1244 daAuts
     D:6: 976 daAuts
     D:2: 950 daAuts
     D:3: 859 daAuts
     D:1: 841 daAuts
     D:7: 759 daAuts
     D:8: 757 daAuts
     D:5: 631 daAuts
    D:10: 193 daAuts
  Temple: 17 daAuts
